 Dungeon Crawl Stone Soup version 0.31-a0-145-g046c7d2549 (webtiles) character file.

Game seed: 3215083493340350003

3491 Faragor the Thaumaturge (level 9, -13/45 HPs)
             Began as a Deep Elf Ice Elementalist on June 3, 2023.
             Was an Initiate of Vehumet.
             Killed from afar by an electric eel (14 damage)
             ... with a bolt of electricity
             ... on level 9 of the Dungeon on June 4, 2023.
             The game lasted 01:40:48 (12410 turns).

Faragor the Thaumaturge (DEIE)                     Turns: 12410, Time: 01:40:49

Health: -13/45     AC:  2    Str:  4 (5)  XL:     9   Next: 80%
Magic:  37/38      EV: 13    Int: 31      God:    Vehumet [......]
Gold:   388        SH:  0    Dex: 15      Spells: 19/37 levels left

rFire   . . .        l - +0 hand axe (flame)
rCold   . . .        (no shield)
rNeg    . . .        a - +0 robe
rPois   .            (no helmet)
rElec   .            (no cloak)
rCorr   .            (no gloves)
SInv    .            (no boots)
Will    +....        g - amulet of the acrobat
Stlth   ++           z - ring of magical power
HPRegen 0.27/turn    d - ring of Gacumiev {Will+ Int+6}
MPRegen 0.26/turn

%: acrobat
@: no status effects
A: no striking features
a: Renounce Religion


You were on level 9 of the Dungeon.
You worshipped Vehumet.
Vehumet was noncommittal.
You visited 2 branches of the dungeon, and saw 10 of its levels.

You collected 388 gold pieces.

Inventory:

Hand Weapons
 c - a +0 dagger
 f - a +0 sling
 l - a +0 hand axe of flaming (weapon)
 p - a +0 hand axe
 t - a +0 dagger of freezing
 v - a +0 glaive
 w - a +0 great sword
 B - a +2 morningstar
Missiles
 e - 29 poisoned darts
 h - 6 silver javelins
 i - 2 throwing nets
 y - 2 boomerangs
Armour
 a - a +0 robe (worn)
 A - a +0 robe
Jewellery
 d - the ring of Gacumiev (right hand) {Will+ Int+6}
   (You found it on level 6 of the Dungeon)

   [ring of intelligence]

   Int:       It affects your intelligence (+6).
   Will:      It increases your willpower.
 g - an amulet of the acrobat (around neck)
 o - a ring of wizardry
 r - a ring of wizardry
 x - a ring of resist corrosion
 z - a ring of magical power (left hand)
Wands
 b - a wand of iceblast (15)
 n - a wand of quicksilver (1) (quivered)
Scrolls
 j - 3 scrolls of silence
 k - 3 scrolls of enchant weapon
 m - 10 scrolls of identify
 q - a scroll of noise
 s - 2 scrolls of amnesia {unknown}
 u - 2 scrolls of magic mapping


   Skills:
 - Level 2.9 Dodging
 - Level 3.0 Stealth
 * Level 14.6 Spellcasting
 + Level 10.0 Ice Magic


You had 19 spell levels left.
You knew the following spells:

 Your Spells              Type           Power      Damage    Failure   Level
a - Freeze                Ice            100%       1d10      1%          1
b - Frozen Ramparts       Ice            100%       1d16      1%          3
c - Ozocubu's Armour      Ice            71%        N/A       1%          3
d - Summon Ice Beast      Ice/Summ       52%        N/A       2%          4
e - Blink                 Tloc           44%        N/A       3%          2
f - Call Canine Familiar  Summ           22%        N/A       6%          3
g - Momentum Strike       Conj/Tloc      44%        3d9       3%          2

Your spell library contained the following spells:

 Spells                   Type           Power      Damage    Failure   Level
 Beastly Appendage        Tmut           44%        N/A       1%          1
 Lesser Beckoning         Tloc           44%        N/A       3%          2
 Wereblood                Tmut           22%        N/A       3%          2
 Portal Projectile        Hex/Tloc       44%        N/A       6%          3
 Spider Form              Tmut/Pois      22%        N/A       6%          3
 Leda's Liquefaction      Hex/Erth       11%        N/A       21%         4


Dungeon Overview and Level Annotations

Branches:
Dungeon (9/15)             Temple (1/1) D:7
   Lair: D:8-11         Orc: D:9-12

Altars:
Ashenzari
Cheibriados
Dithmenos
Elyvilon
Fedhas
Gozag
Hepliaklqana
Kikubaaqudgha
Makhleb
Nemelex Xobeh
Okawaru
Qazlal
Ru
Sif Muna
Trog
Uskayaw
Vehumet
Wu Jian
Xom
Yredelemnul
Zin
The Shining One

Shops:
D:8 *

Annotations:
Temple 4 transporters


Message History

There is an open door here.
There is a stone staircase leading down here.
You climb downwards.
There is a stone staircase leading up here.
Casting: Momentum Strike (safe; 3% risk of failure)
Confirm with . or Enter, or press ? or * to list all spells.
The electric eel shoots out a bolt of lightning at you!
The bolt of electricity hits you!
The orc hits your hound with a +0 trident.
The orc hits your hound with a +0 trident!
Your hound barely misses the orc.
Your hound bites the orc.
The orc closely misses your hound.
Your hound bites the orc.
The orc dies!
Vehumet accepts your kill.
An electric eel is nearby!
An electric eel is nearby!
Found a stone staircase leading down.
The electric eel shoots out a bolt of lightning at you!
The bolt of electricity misses you.
Your hound barely misses the electric eel.
The electric eel shoots out a bolt of lightning at you!
The bolt of electricity hits you!
Your hound closely misses the electric eel.
The electric eel shoots out a bolt of lightning at you!
The bolt of electricity misses you.
Your hound bites the electric eel.
There is a stone staircase leading up here.
Your hound barely misses the electric eel.
The electric eel shoots out a bolt of lightning at you!
The bolt of electricity misses you. The bolt of electricity hits you!
* * * LOW HITPOINT WARNING * * *
Your hound closely misses the electric eel.
Things that are here:
a +0 robe; a +0 dagger of freezing
t - a +0 dagger of freezing The electric eel shoots out a bolt of lightning at you!
The bolt of electricity hits you!
* * * LOW HITPOINT WARNING * * *
The bolt of electricity hits you!
You die...

## ##. # .. ###
..####. )..
.[.~...###(# .
..~.).....# $..
###~#..#@##.....
...~.h..<.....#
.##~S.........#
#.~...........
#..~.........##
...~~.........#
...~~....##...#
>..~~.~~.. ...#
..~~≈.~~.. ....


You could see an electric eel (ally target) and a friendly hound (summoned).

Vanquished Creatures
  A yak (D:8)
  A wyvern (D:6)
  2 black bears
  An orc warrior (D:7)
  An ogre (D:5)
  4 centaurs
  A phantom (D:7)
  A kobold brigand (D:7)
  Blork the orc (D:6)
  2 scorpions
  A jelly (D:5)
  3 hounds
  A gnoll bouda (D:4)
  2 sleepcaps
  2 orc wizards
  5 iguanas
  8 gnolls (D:4)
  9 adders
  12 river rats (D:5)
  2 shadow imps
  2 worms (D:3)
  A dart slug (D:1)
  7 orcs
  4 bats (D:1)
  5 endoplasms
  2 giant cockroaches
  5 goblins
  5 hobgoblins
  10 kobolds
  7 quokkas
  8 ball pythons
  2 frilled lizards (D:1)
  17 rats
135 creatures vanquished.

Vanquished Creatures (collateral kills)
  A manticore (D:7)
  A wraith (D:8)
  A steam dragon (D:8)
  2 ice beasts
  2 orc warriors
  A kobold brigand (D:8)
  A scorpion (D:5)
  2 wights (D:8)
  2 jellies (D:6)
  2 orc priests (D:7)
  An orc wizard (D:7)
  An adder (D:6)
  A river rat (D:5)
  A shadow imp (D:7)
  7 orcs
  7 kobolds
  A rat (D:5)
34 creatures vanquished.

Grand Total: 169 creatures vanquished

Notes
Turn   | Place    | Note
-------+----------+-------------------------------------------
     0 | D:1      | Faragor the Deep Elf Ice Elementalist began the quest for
                  | the Orb.
     0 | D:1      | Reached XP level 1. HP: 10/10 MP: 6/6
   599 | D:1      | Reached XP level 2. HP: 14/15 MP: 5/8
  2151 | D:2      | Reached XP level 3. HP: 15/19 MP: 7/10
  2272 | D:2      | Learned a level 3 spell: Frozen Ramparts
  2276 | D:2      | Learned a level 3 spell: Ozocubu's Armour
  2640 | D:2      | Reached skill level 4 in Spellcasting
  2640 | D:2      | Reached skill level 5 in Ice Magic
  3246 | D:3      | Reached XP level 4. HP: 18/24 MP: 9/12
  3379 | D:3      | Learned a level 4 spell: Summon Ice Beast
  3773 | D:4      | Noticed a black bear
  4011 | D:4      | Killed a black bear
  4012 | D:4      | Reached skill level 5 in Spellcasting
  4012 | D:4      | Reached XP level 5. HP: 28/28 MP: 1/15
  4040 | D:4      | Reached skill level 6 in Spellcasting
  4202 | D:4      | Reached XP level 6. HP: 32/32 MP: 1/17
  4494 | D:4      | Learned a level 2 spell: Blink
  4498 | D:4      | Learned a level 3 spell: Call Canine Familiar
  4542 | D:4      | Found a sparkling altar of Nemelex Xobeh.
  4748 | D:5      | Entered Level 5 of the Dungeon
  4765 | D:5      | Reached skill level 7 in Spellcasting
  5006 | D:5      | Reached skill level 8 in Spellcasting
  5006 | D:5      | Reached XP level 7. HP: 33/36 MP: 7/20
  5806 | D:5      | Reached skill level 9 in Spellcasting
  6696 | D:6      | Noticed Blork the orc
  6707 | D:6      | Killed Blork the orc
  6708 | D:6      | Reached skill level 10 in Spellcasting
  6708 | D:6      | Reached XP level 8. HP: 34/41 MP: 15/24
  7156 | D:6      | Identified the ring of Gacumiev {Will+ Int+6}
  7885 | D:7      | Found a radiant altar of Vehumet.
  7886 | D:7      | Noticed a manticore
  7895 | D:7      | Killed a manticore
  7896 | D:7      | Reached skill level 12 in Spellcasting
  8286 | D:7      | Reached XP level 9. HP: 45/45 MP: 12/27
  8785 | D:7      | Became a worshipper of Vehumet
  8905 | D:7      | Reached skill level 13 in Spellcasting
  8998 | D:7      | Found a staircase to the Ecumenical Temple.
  9009 | Temple   | Entered the Ecumenical Temple
  9009 | Temple   | Found a transporter.
  9009 | Temple   | Found a transporter.
  9011 | Temple   | Found a transporter.
  9011 | Temple   | Found a transporter.
  9240 | D:7      | Learned a level 2 spell: Momentum Strike
  9561 | D:8      | HP: 2/45 [centaur/arrow (8)]
 10021 | D:8      | Found Ruits's Island Escapes.
 10059 | D:8      | Reached skill level 14 in Spellcasting
 10101 | D:8      | Found a blossoming altar of Fedhas.
 12068 | D:8      | Reached skill level 10 in Ice Magic
 12410 | D:9      | HP: 1/45 [electric eel/bolt of electricity (11)]
 12410 | D:9      | Killed from afar by an electric eel

Illustrated notes

Levels and vault maps discovered:
D:1:      dpeg_arrival_another_circle, layout_basic, kennysheep_boxes
D:2:      layout_basic
D:3:      layout_basic, chequers_serial_rivers_micro_d, solitary_fountain
D:4:      layout_gridville, lemuel_doored_altar, gammafunk_ghost_grave,
          corexii_leaking_fountain, minivault_19
D:5:      lemuel_ratsnest, layout_basic
D:6:      layout_gridville, uniq_blork_the_orc
D:7:      layout_loops_corners, vehumet_crystals, minmay_temple_entry_overgrown,
          bh_walls_and_bars
D:8:      layout_basic, mainiacjoe_overflow_six_doors_small,
          nicolae_island_escapes
D:9:      layout_loops_ring, serial_ice, serial_ice_g, serial_ice_k,
          serial_ice_d, serial_ice_m, serial_ice_e
Temple:   hellmonk_temple_divided_pantheon

Skill      XL: |  1  2  3  4  5  6  7  8  9 |
---------------+----------------------------+-----
Stealth        | 3 |  3.0
Spellcasting   | 4 5 6 8 10 12 14 | 14.6
Ice Magic      | 5 6 7 8 10 | 10.0
Dodging        | |  2.9

Action                     |  1- 3 |  4- 6 |  7- 9 || total
---------------------------+-------+-------+-------++-------
  Melee: Dagger            |    13 |     1 |    10 ||    24
         Unarmed           |     1 |       |       ||     1
   Cast: Freeze            |    56 |    30 |    47 ||   133
         Frozen Ramparts   |       |     6 |    28 ||    34
         Summon Ice Beast  |       |     2 |    20 ||    22
         Ozocubu's Armour  |       |     2 |    24 ||    26
         Call Canine Famil |       |     2 |    39 ||    41
         Blink             |       |       |     7 ||     7
         Momentum Strike   |       |       |     7 ||     7
  Evoke: Wand              |       |       |    12 ||    12
    Use: Scroll            |     5 |     4 |     2 ||    11
         Potion            |     3 |     1 |     5 ||     9
 Armour: Robe              |     4 |     2 |    19 ||    25
  Dodge: Dodged            |    44 |    25 |    80 ||   149

Table legend: (Time is in decaauts)
 A = Elapsed time spent in this place.
 B = Non-inter-level travel time spent in this place.
 C = Inter-level travel time spent in this place.
 D = Time resting spent in this place.
 E = Time spent auto-exploring this place.
 F = Levels seen in this place.
 G = Mean time per level.
                   A        B        C        D        E       F      G
               +--------+--------+--------+--------+--------+-----+--------+
         Total |  12418 |  12418 |      0 |   5378 |      0 |  10 | 1241.8 |
       Dungeon |  12385 |  12385 |      0 |   5378 |      0 |   9 | 1376.1 |
        Temple |     33 |     33 |      0 |      0 |      0 |   1 |   33.0 |
               +--------+--------+--------+--------+--------+-----+--------+

Top non-repeatable levels by time:
     D:8: 2921 daAuts
     D:1: 2120 daAuts
     D:5: 1808 daAuts
     D:7: 1550 daAuts
     D:6: 1326 daAuts
     D:2: 982 daAuts
     D:3: 863 daAuts
     D:4: 790 daAuts
  Temple: 33 daAuts
     D:9: 21 daAuts
